 Dungeon Sprint DCSS version 0.19.1-1-g22dce08 (webtiles) character file.

479 demo the Protected (level 6, -3/66 HPs)
             Began as a Minotaur Fighter on Jan 11, 2017.
             Was an Initiate of Makhleb.
             Succumbed to Sonja's poison
             ... in the Dungeon (Sprint I: "Red Sonja").
             The game lasted 00:09:33 (648 turns).

demo the Protected (Minotaur Fighter)                Turns: 648, Time: 00:09:33

Health: -3/66      AC:  8    Str: 23    XL:     6   Next: 86%
Magic:  5/5        EV: 10    Int:  5    God:    Makhleb [......]
Gold:   176        SH: 12    Dex:  9    Spells: 0 memorised, 5 levels left

rFire  . . .     SeeInvis .     a - +0 long sword
rCold  . . .     Gourm    .     b - +0 scale mail
rNeg   . . .     Faith    .     c - +0 shield
rPois  .         Spirit   .     (helmet restricted)
rElec  .         Reflect  .     (no cloak)
rCorr  .         Harm     .     (no gloves)
MR     .....     NoTele   +     (no boots)
Stlth  ..........               (no amulet)
                                (no ring)
                                (no ring)

@: lethally poisoned (-3 -> -75), slowed, very slow
A: retaliatory headbutt, horns 2
a: Renounce Religion


You were in the Dungeon.
You worshipped Makhleb.
Makhleb was noncommittal.
You were not hungry.

You visited 1 branch You collected 176 gold pieces.

Inventory:

Hand Weapons
 a - a +0 long sword (weapon)
 m - a +0 scythe
Armour
 b - a +0 scale mail (worn)
 c - a +0 shield (worn)
Scrolls
 k - a scroll of blinking
Potions
 d - a potion of might
 e - a potion of curing
 g - a potion of heal wounds
 h - a potion of haste
 i - 2 potions of magic
 j - a potion of berserk rage
Comestibles
 f - a bread ration


   Skills:
 + Level 10.0 Fighting
 + Level 7.0 Long Blades
 + Level 10.1 Armour
 + Level 2.1 Dodging
 + Level 9.8 Shields


You had 5 spell levels left.
You didn't know any spells.

Dungeon Overview and Level Annotations

Branches:
Dungeon (1/1)

Altars:
Makhleb
Sif Muna
Vehumet
Xom
Jiyva
Lugonu

Annotations:
D Sonja


Innate Abilities, Weirdness & Mutations

You reflexively headbutt those who attack you in melee.
You have a pair of horns on your head.


Message History

* * * LOW HITPOINT WARNING * * *
You feel extremely sick.
Sonja unwields an uncursed blowgun.
Sonja wields an uncursed short sword of venom.
It begins to drip with poison!
Sonja hits you with an uncursed short sword of venom.
* * * LOW HITPOINT WARNING * * *
You block Sonja's attack. Sonja closely misses you.
You see here 2 curare-tipped needles.
You miss Sonja.
* * * LOW HITPOINT WARNING * * *
You feel extremely sick. Sonja closely misses you. You block Sonja's attack. x2
Sonja hits you but does no damage. x2
You are more poisoned.
Sonja hits you but does no damage.
You are more poisoned.
You slash Sonja!
Sonja is moderately wounded.
You die...

###################
#<.#..').#..'..#__#
#..').#..'[.#..'..+
#..#####'#####'#__#
#..# #..# #)####§
#..# #### ##.#§≈§§
#..# #+#..+§§§§
#⌠⌠# +.K._#§≈§§c#
#### #_@#'##+####
##(#.# #.### $.$
#$.$# ##.## #+#


You could see Sonja.

Vanquished Creatures
  A slime creature (D)
  Sigmund (D)
  An ogre (D)
  A jelly (D)
  Ijyb (D)
5 creatures vanquished.

Notes
Turn   | Place    | Note
-------+----------+-------------------------------------------
     0 | D        | demo the Minotaur Fighter began the quest for the Orb.
     0 | D        | Reached XP level 1. HP: 19/19 MP: 0/0
     2 | D        | Noticed Ijyb
    11 | D        | Killed Ijyb
    11 | D        | Reached skill level 5 in Fighting
    11 | D        | Reached skill level 5 in Armour
    11 | D        | Reached skill level 5 in Shields
    11 | D        | Reached XP level 2. HP: 25/29 MP: 1/1
    52 | D        | Noticed an ogre
    57 | D        | Killed an ogre
    57 | D        | Reached XP level 3. HP: 23/38 MP: 2/2
    57 | D        | Reached XP level 4. HP: 27/45 MP: 3/3
   175 | D        | Noticed Sigmund
   181 | D        | Killed Sigmund
   181 | D        | Reached skill level 5 in Long Blades
   181 | D        | Reached skill level 1 in Dodging
   181 | D        | Reached XP level 5. HP: 44/56 MP: 4/4
   273 | D        | Found a burning altar of Makhleb.
   273 | D        | Found a viscous altar of Jiyva.
   273 | D        | Found a shimmering altar of Xom.
   273 | D        | Found a corrupted altar of Lugonu.
   273 | D        | Noticed a slime creature
   288 | D        | Killed a slime creature
   288 | D        | Reached skill level 10 in Armour
   288 | D        | Reached XP level 6. HP: 24/66 MP: 5/5
   491 | D        | Found a deep blue altar of Sif Muna.
   493 | D        | Found a radiant altar of Vehumet.
   496 | D        | Reached skill level 10 in Fighting
   584 | D        | Noticed a centaur warrior
   616 | D        | Became a worshipper of Makhleb the Destroyer
   639 | D        | Noticed Sonja
   648 | D        | Succumbed to Sonja's poison

Skill      XL: |  1  2  3  4  5  6 |
---------------+-------------------+-----
Fighting       | 5 6 8 9 10 | 10.0
Armour         | 5 6 8 10 | 10.1
Shields        | 5 7 8 9 |  9.8
Long Blades    | 4 5 6 7 |  7.0
Dodging        | 1 2 |  2.1

Action                   |  1- 3 |  4- 6 || total
-------------------------+-------+-------++-------
Melee: Long sword        |    12 |    24 ||    36
       Headbutt          |     2 |     6 ||     8
  Use: Scroll            |       |     1 ||     1
Armor: Scale mail        |     1 |    13 ||    14
Dodge: Dodged            |     3 |     7 ||    10
Block: Shield            |     6 |    18 ||    24
       Rpst.: Long sword |     2 |       ||     2
